WCHLSIM.com - West Coast Hockey League
html PUBLIC "-//W3C//DTD XHTML 1.0 Transitional//EN" "http://www.w3.org/TR/xhtml1/DTD/xhtml1-transitional.dtd"> WCHL - Game 145 - LOS ANGELES SEALS vs BOISE CARIBOUS

LOS ANGELES SEALS vs BOISE CARIBOUS

Created - 4 novembre 2021 at 23:07

Goals
1 2 3 T
LOS ANGELES SEALS 1 0 0 1
BOISE CARIBOUS 0 1 1 2
Shots
1 2 3 T
LOS ANGELES SEALS 14 11 8 33
BOISE CARIBOUS 6 14 9 29

1st period

1. LOS ANGELES SEALS , Dylan Strome 3 (Tyler Johnson 3, Matt Duchene 8) at 1:25

Penalties :
Tyler Johnson (LOS) for Holding (Minor) at 8:30, Jani Hakanpaa (BOI) for Slashing (Minor) at 19:26

2nd period

2. BOISE CARIBOUS , John Tavares 4 (Andre Burakovsky 7) at 6:04

Penalties :
Radek Faksa (LOS) for Interference (Minor) at 9:15, Owen Tippett (LOS) for Slashing (Minor) at 16:21

3rd period

3. BOISE CARIBOUS , Andre Burakovsky 5 (John Tavares 6, Dominik Kubalik 4) at 4:21

Penalties :
Tobias Bjornfot (LOS) for Slashing (Minor) at 2:18

Goalie Stats

Cal Petersen (LOS), 27 saves from 29 shots - (0,931), L, 3-4-0, 60:00 minutes
Jake Allen (BOI), 32 saves from 33 shots - (0,970), W, 3-3-0, 60:00 minutes

Players Stats for LOS ANGELES SEALS

Player Name              G  A  P  +/- PIM S  H  SB GA TA FO     MP     PP MP  PK MP  
------------------------------------------------------------------------------------
Adam Boqvist             0  0  0  -1  0   0  1  1  0  0  0/0    21:32   1:17   0:51 
Darren Helm              0  0  0  -1  0   0  0  0  0  0  1/2    10:49   0:00   0:46 
Dylan Strome             1  0  1   1  0   1  1  0  0  0  2/3    11:12   1:15   0:00 
Erik Haula               0  0  0  -1  0   3  2  0  0  0  0/0    20:23   0:44   3:21 
Greg Pateryn             0  0  0   0  0   0  3  0  0  0  0/0    19:02   1:17   3:39 
Isac Lundestrom          0  0  0   0  0   1  0  0  0  0  0/1     8:51   0:00   0:00 
Jack Roslovic            0  0  0   0  0   2  0  0  0  0  1/1     8:51   0:00   0:00 
Jakob Silfverberg        0  0  0  -1  0   4  0  2  0  0  1/4    20:23   0:44   3:21 
Jaret Anderson-Dolan     0  0  0  -1  0   0  1  0  0  0  16/26  22:05   0:44   3:55 
Marcus Pettersson        0  0  0   0  0   1  1  1  0  0  0/0    16:36   0:00   0:52 
Matt Duchene             0  1  1   1  0   7  0  0  0  0  14/20  20:13   1:15   4:05 
Noah Dobson              0  0  0   0  0   1  1  2  0  0  0/0    20:29   0:42   3:55 
Oskar Sundqvist          0  0  0   0  0   0  2  1  0  0  4/9     9:27   0:00   0:30 
Owen Tippett             0  0  0  -1  2   5  0  0  0  0  0/0    10:02   0:00   0:00 
Radek Faksa              0  0  0  -1  2   4  0  0  0  0  8/16   13:44   0:00   0:00 
Ryan Murray              0  0  0   0  0   0  1  3  0  0  0/0    23:58   0:00   3:55 
Tobias Bjornfot          0  0  0  -1  2   1  2  2  0  0  0/0    18:16   0:42   2:34 
Tyler Johnson            0  1  1   1  2   3  0  0  0  0  0/0    16:07   1:15   0:00 

Players Stats for BOISE CARIBOUS

Player Name              G  A  P  +/- PIM S  H  SB GA TA FO     MP     PP MP  PK MP  
------------------------------------------------------------------------------------
Andre Burakovsky         1  1  2   2  0   6  0  0  0  0  0/1    19:49   4:05   0:00 
Danny O'Regan            0  0  0   1  0   0  0  0  0  0  2/6     6:17   0:00   0:00 
Denis Gurianov           0  0  0   1  0   2  1  0  0  0  1/4    19:46   4:06   0:00 
Dmitry Kulikov           0  0  0   0  0   0  1  0  0  0  0/0    16:09   0:00   0:24 
Dominik Kubalik          0  1  1   0  0   4  1  0  0  0  0/1    19:25   4:27   0:00 
Ivan Barbashev           0  0  0   0  0   0  0  0  0  0  1/1    10:27   3:50   0:24 
Jani Hakanpaa            0  0  0   0  2   0  5  2  0  0  0/0    15:44   0:00   0:00 
Jesperi Kotkaniemi       0  0  0   0  0   0  1  1  0  0  9/22   17:16   0:00   1:35 
John Klingberg           0  0  0   0  0   2  1  1  0  0  0/0    20:35   4:06   0:00 
John Tavares             1  1  2   1  0   7  2  0  0  0  14/22  20:50   4:27   0:00 
Kaapo Kakko              0  0  0  -1  0   1  0  0  0  0  0/2    15:07   0:22   1:35 
Lawson Crouse            0  0  0  -1  0   1  3  0  0  0  1/1    16:20   3:29   0:24 
Marco Scandella          0  0  0   0  0   1  0  1  0  0  0/0    18:47   0:00   1:35 
Matt Benning             0  0  0   1  0   0  0  1  0  0  0/1     6:41   0:00   0:24 
Rasmus Andersson         0  0  0   1  0   1  1  1  0  0  0/0    19:26   0:00   1:35 
Rasmus Dahlin            0  0  0   1  0   1  0  0  0  0  0/0    20:58   3:50   0:00 
Tim Stutzle              0  0  0   0  0   1  1  1  0  0  1/2    18:27   3:29   0:00 
Vladislav Namestnikov    0  0  0  -1  0   2  0  0  0  0  6/19   15:56   3:29   0:00 

3 Stars

1 - Jake Allen (BOI)
2 - John Tavares (BOI)
3 - Andre Burakovsky (BOI)

Power Play

LOS ANGELES SEALS - 0 on 1 Attempt(s) - 0,00%
BOISE CARIBOUS - 0 on 4 Attempt(s) - 0,00%

Penalty Kill

LOS ANGELES SEALS - 4 on 4 Attempt(s) - 100,00% - Score 0 goal in Penalty Kill
BOISE CARIBOUS - 1 on 1 Attempt(s) - 100,00% - Score 0 goal in Penalty Kill

Team Stat

LOS ANGELES SEALS - Hits : 15 - Faceoff Wins : 47 - Blocked Shots : 12 - Penalty Minutes : 8
BOISE CARIBOUS - Hits : 17 - Faceoff Wins : 35 - Blocked Shots : 8 - Penalty Minutes : 2

Official

Referees : Terry Koharski and Dan Kelly
Linesman : Travis Toomey and Matt Brady

Game Notes

Dylan Strome is injured at 18:55 of 2nd period (Bruised Right Foot)

Finance

Level 1 -- Attendance: 5735 (95,58%) -- Ticket Income 888 925 $
Level 2 -- Attendance: 3855 (77,10%) -- Ticket Income 489 585 $
Level 3 -- Attendance: 1645 (82,25%) -- Ticket Income 156 275 $
Level 4 -- Attendance: 3269 (81,73%) -- Ticket Income 235 368 $
Luxury Box -- Attendance: 1000 (100,00%) -- Ticket Income 285 000 $
Total Attendance: 15504 (86,13%)
Total Ticket Income: 2 055 153 $
Other Expense: 20 552 $
Total Income: 2 034 601 $

LOS ANGELES SEALS

5 vs 5 Forward 
   Center                   Left Wing                Right Wing               Time % Phy DF OF 
 1 Jaret Anderson-Dolan     Jakob Silfverberg        Erik Haula               36     1   2  2  
 2 Matt Duchene             Tyler Johnson            Dylan Strome             31     1   2  2  
 3 Radek Faksa              Darren Helm              Owen Tippett             23     1   2  2  
 4 Oskar Sundqvist          Isac Lundestrom          Jack Roslovic            10     1   2  2  

5 vs 5 Defense 
   Defense                  Defense                                           Time % Phy DF OF 
 1 Ryan Murray              Adam Boqvist                                      36     1   2  2  
 2 Noah Dobson              Marcus Pettersson                                 31     1   2  2  
 3 Tobias Bjornfot          Greg Pateryn                                      23     1   2  2  
 4 Ryan Murray              Adam Boqvist                                      10     1   2  2  

PowerPlay Forward 
   Center                   Left Wing                Right Wing               Time % Phy DF OF 
 1 Jaret Anderson-Dolan     Jakob Silfverberg        Erik Haula               55     1   2  2  
 2 Matt Duchene             Tyler Johnson            Dylan Strome             45     1   2  2  

PowerPlay Defense
   Defense                  Defense                                           Time % Phy DF OF 
 1 Adam Boqvist             Greg Pateryn                                      55     1   2  2  
 2 Noah Dobson              Tobias Bjornfot                                   45     1   2  2  

Penalty Kill 4 Players Forward 
   Center                   Wing                     Time % Phy DF OF 
 1 Jaret Anderson-Dolan     Matt Duchene             55     1   2  2  
 2 Jakob Silfverberg        Erik Haula               45     1   2  2  

Penalty Kill 4 Players Defense
   Defense                  Defense                  Time % Phy DF OF 
 1 Ryan Murray              Tobias Bjornfot          55     1   2  2  
 2 Noah Dobson              Greg Pateryn             45     1   2  2  

Penalty Kill - 3 Players Forward 
   Forward                                           Time % Phy DF OF 
 1 Jakob Silfverberg                                 55     1   2  2  
 2 Matt Duchene                                      45     1   2  2  

Penalty Kill - 3 Players Defense
   Defense                  Defense                  Time % Phy DF OF 
 1 Adam Boqvist             Tobias Bjornfot          55     1   2  2  
 2 Noah Dobson              Greg Pateryn             45     1   2  2  

4 vs 4 Forward 
   Center                   Wing                     Time % Phy DF OF 
 1 Radek Faksa              Matt Duchene             55     1   2  2  
 2 Jakob Silfverberg        Erik Haula               45     1   2  2  

4 vs 4 Defense
   Defense                  Defense                  Time % Phy DF OF 
 1 Greg Pateryn             Adam Boqvist             55     1   2  2  
 2 Noah Dobson              Tobias Bjornfot          45     1   2  2  

Last Minutes Offensive
   Center                   Left Wing                Right Wing               Defense                  Defense                  
   Jaret Anderson-Dolan     Jakob Silfverberg        Erik Haula               Ryan Murray              Adam Boqvist             

Last Minutes Defensive
   Center                   Left Wing                Right Wing               Defense                  Defense                  
   Jaret Anderson-Dolan     Jakob Silfverberg        Erik Haula               Ryan Murray              Adam Boqvist             

Goaltenders
Starting : Cal Petersen             
Backup : Carter Hutton            

Extra Forwards
Normal : Jaret Anderson-Dolan, Radek Faksa, Oskar Sundqvist - PP : Jaret Anderson-Dolan, Radek Faksa - PK : Oskar Sundqvist
Extra Defensemen
Normal : Tobias Bjornfot, Greg Pateryn, Noah Dobson - PP : Tobias Bjornfot - PK : Greg Pateryn, Noah Dobson
Penalty Shots
Oskar Sundqvist, Matt Duchene, Jakob Silfverberg, Erik Haula, Tyler Johnson
Custom OT Lines Forwards
Jaret Anderson-Dolan, Matt Duchene, Jakob Silfverberg, Erik Haula, Tyler Johnson, Radek Faksa, Oskar Sundqvist, Dylan Strome, Darren Helm, Isac Lundestrom
Custom OT Lines Defensemen
Ryan Murray, Adam Boqvist, Noah Dobson, Greg Pateryn, Tobias Bjornfot

Scratches
Patrick Maroon (Healthy), Christian Wolanin (Healthy), Daniel Vladar (Healthy)

BOISE CARIBOUS

5 vs 5 Forward 
   Center                   Left Wing                Right Wing               Time % Phy DF OF 
 1 John Tavares             Andre Burakovsky         Denis Gurianov           33     0   2  3  
 2 Jesperi Kotkaniemi       Tim Stutzle              Dominik Kubalik          30     0   2  3  
 3 Vladislav Namestnikov    Lawson Crouse            Kaapo Kakko              25     0   3  2  
 4 Danny O'Regan            Ivan Barbashev           Matt Benning             12     1   4  0  

5 vs 5 Defense 
   Defense                  Defense                                           Time % Phy DF OF 
 1 Marco Scandella          John Klingberg                                    34     1   2  2  
 2 Rasmus Dahlin            Rasmus Andersson                                  34     1   2  2  
 3 Dmitry Kulikov           Jani Hakanpaa                                     30     1   4  0  
 4 John Klingberg           Rasmus Andersson                                  2      0   5  0  

PowerPlay Forward 
   Center                   Left Wing                Right Wing               Time % Phy DF OF 
 1 John Tavares             Andre Burakovsky         Dominik Kubalik          55     0   1  4  
 2 Vladislav Namestnikov    Tim Stutzle              Lawson Crouse            45     0   2  3  

PowerPlay Defense
   Defense                  Defense                                           Time % Phy DF OF 
 1 John Klingberg           Denis Gurianov                                    55     0   1  4  
 2 Ivan Barbashev           Rasmus Dahlin                                     45     0   2  3  

Penalty Kill 4 Players Forward 
   Center                   Wing                     Time % Phy DF OF 
 1 Jesperi Kotkaniemi       Kaapo Kakko              55     0   5  0  
 2 Ivan Barbashev           Lawson Crouse            45     1   4  0  

Penalty Kill 4 Players Defense
   Defense                  Defense                  Time % Phy DF OF 
 1 Marco Scandella          Rasmus Andersson         55     1   4  0  
 2 Dmitry Kulikov           Matt Benning             45     1   4  0  

Penalty Kill - 3 Players Forward 
   Forward                                           Time % Phy DF OF 
 1 John Tavares                                      55     0   5  0  
 2 Danny O'Regan                                     45     1   4  0  

Penalty Kill - 3 Players Defense
   Defense                  Defense                  Time % Phy DF OF 
 1 John Klingberg           Rasmus Andersson         55     0   5  0  
 2 Marco Scandella          Jani Hakanpaa            45     1   4  0  

4 vs 4 Forward 
   Center                   Wing                     Time % Phy DF OF 
 1 John Tavares             Dominik Kubalik          55     1   2  2  
 2 Jesperi Kotkaniemi       Andre Burakovsky         45     1   2  2  

4 vs 4 Defense
   Defense                  Defense                  Time % Phy DF OF 
 1 John Klingberg           Rasmus Dahlin            55     1   2  2  
 2 Dmitry Kulikov           Rasmus Andersson         45     1   2  2  

Last Minutes Offensive
   Center                   Left Wing                Right Wing               Defense                  Defense                  
   John Tavares             Andre Burakovsky         Dominik Kubalik          John Klingberg           Rasmus Dahlin            

Last Minutes Defensive
   Center                   Left Wing                Right Wing               Defense                  Defense                  
   John Tavares             Jesperi Kotkaniemi       Kaapo Kakko              Marco Scandella          Rasmus Andersson         

Goaltenders
Starting : Jake Allen               
Backup : Kaden Fulcher            

Extra Forwards
Normal : Vladislav Namestnikov, Lawson Crouse, Tim Stutzle - PP : Kaapo Kakko, Lawson Crouse - PK : Ivan Barbashev
Extra Defensemen
Normal : Dmitry Kulikov, Jani Hakanpaa, Rasmus Dahlin - PP : Dmitry Kulikov - PK : John Klingberg, Rasmus Dahlin
Penalty Shots
John Tavares, Ivan Barbashev, Andre Burakovsky, Denis Gurianov, Dominik Kubalik
Custom OT Lines Forwards
John Tavares, Ivan Barbashev, Andre Burakovsky, Lawson Crouse, Dominik Kubalik, Denis Gurianov, Jesperi Kotkaniemi, Tim Stutzle, Kaapo Kakko, Vladislav Namestnikov
Custom OT Lines Defensemen
John Klingberg, Marco Scandella, Rasmus Dahlin, Rasmus Andersson, Dmitry Kulikov

Scratches
Jeff Carter (Chest/Ribs Injury), Paul Stastny (Sore Left Knee Injury), Ilya Sorokin (Healthy)

% Time on Ice - LOS ANGELES SEALS

Lines # - Real PCT - Wanted PCT - Time Play
Normal Forward
1 - 31% - 36% - 15:27
2 - 30% - 31% - 14:53
3 - 20% - 23% - 10:03
4 - 18% - 10% - 8:51
Normal Defense
1 - 34% - 36% - 16:37
2 - 32% - 31% - 15:44
3 - 29% - 23% - 14:10
4 - 6% - 10% - 2:43
PP Forward
1 - 37% - 55% - 0:44
2 - 63% - 45% - 1:15
PP Defense
1 - 65% - 55% - 1:17
2 - 35% - 45% - 0:42
PK Forward
1 - 58% - 55% - 4:35
2 - 42% - 45% - 3:21
PK Defense
1 - 54% - 55% - 4:17
2 - 46% - 45% - 3:39
PK3 Forward
1 - 0% - 55%
2 - 0% - 45%
PK3 Defense
1 - 0% - 55%
2 - 0% - 45%
44 Forward
1 - 0% - 55%
2 - 0% - 45%
44 Defense
1 - 0% - 55%
2 - 0% - 45%
Last Minute Offensive  - 0:51
Last Minute Defensive  - 0:00
Total
Forward - 60:00
Defense - 60:00

% Time on Ice - BOISE CARIBOUS

Lines # - Real PCT - Wanted PCT - Time Play
Normal Forward
1 - 32% - 33% - 15:40
2 - 30% - 30% - 14:58
3 - 25% - 25% - 12:27
4 - 13% - 12% - 6:17
Normal Defense
1 - 33% - 34% - 16:29
2 - 35% - 34% - 17:08
3 - 32% - 30% - 15:45
4 - 0% - 2% - 0:00
PP Forward
1 - 56% - 55% - 4:27
2 - 44% - 45% - 3:29
PP Defense
1 - 52% - 55% - 4:06
2 - 48% - 45% - 3:50
PK Forward
1 - 80% - 55% - 1:35
2 - 20% - 45% - 0:24
PK Defense
1 - 80% - 55% - 1:35
2 - 20% - 45% - 0:24
PK3 Forward
1 - 0% - 55%
2 - 0% - 45%
PK3 Defense
1 - 0% - 55%
2 - 0% - 45%
44 Forward
1 - 0% - 55%
2 - 0% - 45%
44 Defense
1 - 0% - 55%
2 - 0% - 45%
Last Minute Offensive  - 0:00
Last Minute Defensive  - 0:43
Total
Forward - 60:00
Defense - 60:00

Play-by-Play

1st period


0:01 of 1st period - John Tavares wins face-off versus Jaret Anderson-Dolan in neutral zone.
0:53 of 1st period - Icing by Jakob Silfverberg.
0:54 of 1st period - Jaret Anderson-Dolan wins face-off versus Vladislav Namestnikov in LOS ANGELES SEALS zone.
1:23 of 1st period - Shot by Tyler Johnson.
1:23 of 1st period - Shot Misses the Net.
1:25 of 1st period - Shot by Dylan Strome.
1:25 of 1st period - Goal by Dylan Strome - LOS ANGELES SEALS : 1 - BOISE CARIBOUS : 0.
1:26 of 1st period - Radek Faksa wins face-off versus Tim Stutzle in neutral zone.
1:54 of 1st period - Off-side.
1:55 of 1st period - Danny O'Regan wins face-off versus Matt Duchene in neutral zone.
2:30 of 1st period - Shot by Matt Duchene.
2:30 of 1st period - Stopped by Jake Allen without a rebound.
2:31 of 1st period - Jack Roslovic wins face-off versus Jesperi Kotkaniemi in BOISE CARIBOUS zone.
2:36 of 1st period - Shot by Isac Lundestrom.
2:36 of 1st period - Stopped by Jake Allen without a rebound.
2:37 of 1st period - Oskar Sundqvist wins face-off versus Jesperi Kotkaniemi in BOISE CARIBOUS zone.
3:02 of 1st period - Dominik Kubalik is hit by Oskar Sundqvist and loses puck.
3:07 of 1st period - Shot by Jack Roslovic.
3:07 of 1st period - Stopped by Jake Allen without a rebound.
3:08 of 1st period - Vladislav Namestnikov wins face-off versus Radek Faksa in BOISE CARIBOUS zone.
3:16 of 1st period - Icing by Kaapo Kakko.
3:17 of 1st period - Vladislav Namestnikov wins face-off versus Matt Duchene in BOISE CARIBOUS zone.
3:34 of 1st period - Shot by Vladislav Namestnikov.
3:34 of 1st period - Stopped by Cal Petersen with a rebound.
3:42 of 1st period - Shot by Kaapo Kakko.
3:42 of 1st period - Stopped by Cal Petersen without a rebound.
3:43 of 1st period - John Tavares wins face-off versus Radek Faksa in LOS ANGELES SEALS zone.
6:03 of 1st period - Shot by Matt Duchene.
6:03 of 1st period - Stopped by Jake Allen without a rebound.
6:04 of 1st period - Oskar Sundqvist wins face-off versus Danny O'Regan in BOISE CARIBOUS zone.
6:11 of 1st period - Shot by Oskar Sundqvist.
6:11 of 1st period - Deflect By Jack Roslovic.
6:11 of 1st period - Shot Blocked by Rasmus Andersson.
6:21 of 1st period - Shot by Jack Roslovic.
6:21 of 1st period - Stopped by Jake Allen with a rebound.
6:33 of 1st period - Shot by Oskar Sundqvist.
6:33 of 1st period - Shot Blocked by Matt Benning.
6:35 of 1st period - Shot by Greg Pateryn.
6:35 of 1st period - Shot Misses the Net.
6:39 of 1st period - Shot by Jack Roslovic.
6:39 of 1st period - Shot Misses the Net.
7:50 of 1st period - Shot by Radek Faksa.
7:50 of 1st period - Stopped by Jake Allen without a rebound.
7:51 of 1st period - Jesperi Kotkaniemi wins face-off versus Jaret Anderson-Dolan in BOISE CARIBOUS zone.
7:51 of 1st period - Jesperi Kotkaniemi is hit by Jaret Anderson-Dolan.
7:54 of 1st period - Icing by Dominik Kubalik.
7:55 of 1st period - Jesperi Kotkaniemi wins face-off versus Jaret Anderson-Dolan in BOISE CARIBOUS zone.
8:04 of 1st period - Erik Haula is hit by Dmitry Kulikov and loses puck.
8:24 of 1st period - Icing by Dominik Kubalik.
8:25 of 1st period - Jesperi Kotkaniemi wins face-off versus Matt Duchene in BOISE CARIBOUS zone.
8:25 of 1st period - Jesperi Kotkaniemi is hit by Dylan Strome.
8:30 of 1st period - Minor Penalty to Tyler Johnson for Holding.
8:31 of 1st period - John Tavares wins face-off versus Jaret Anderson-Dolan in LOS ANGELES SEALS zone.
8:58 of 1st period - Shot by Denis Gurianov.
8:58 of 1st period - Shot Misses the Net.
9:00 of 1st period - Shot by John Klingberg.
9:00 of 1st period - Stopped by Cal Petersen with a rebound.
10:17 of 1st period - Shot by John Tavares.
10:17 of 1st period - Shot Misses the Net.
10:19 of 1st period - Shot by John Klingberg.
10:19 of 1st period - Shot Misses the Net.
10:21 of 1st period - Shot by Andre Burakovsky.
10:21 of 1st period - Shot Blocked by Ryan Murray.
10:23 of 1st period - Shot by John Klingberg.
10:23 of 1st period - Shot Blocked by Ryan Murray.
10:25 of 1st period - Shot by John Klingberg.
10:25 of 1st period - Shot Misses the Net.
10:27 of 1st period - Shot by Andre Burakovsky.
10:27 of 1st period - Stopped by Cal Petersen with a rebound.
10:43 of 1st period - Shot by Owen Tippett.
10:43 of 1st period - Deflect By Radek Faksa.
10:43 of 1st period - Stopped by Jake Allen with a rebound.
10:45 of 1st period - Shot by Noah Dobson.
10:45 of 1st period - Stopped by Jake Allen without a rebound.
10:46 of 1st period - Oskar Sundqvist wins face-off versus Danny O'Regan in BOISE CARIBOUS zone.
10:55 of 1st period - Shot by Jack Roslovic.
10:55 of 1st period - Shot Misses the Net.
11:42 of 1st period - Shot by Radek Faksa.
11:42 of 1st period - Stopped by Jake Allen without a rebound.
11:43 of 1st period - John Tavares wins face-off versus Matt Duchene in BOISE CARIBOUS zone.
12:30 of 1st period - Marcus Pettersson is hit by John Tavares.
13:30 of 1st period - Kaapo Kakko is hit by Ryan Murray and loses puck.
13:49 of 1st period - Icing by Marco Scandella.
13:50 of 1st period - Matt Duchene wins face-off versus Vladislav Namestnikov in BOISE CARIBOUS zone.
13:55 of 1st period - Shot by Matt Duchene.
13:55 of 1st period - Stopped by Jake Allen without a rebound.
13:56 of 1st period - Matt Duchene wins face-off versus Jesperi Kotkaniemi in BOISE CARIBOUS zone.
14:08 of 1st period - Shot by Dylan Strome.
14:08 of 1st period - Shot Misses the Net.
14:10 of 1st period - Shot by Tobias Bjornfot.
14:10 of 1st period - Stopped by Jake Allen without a rebound.
14:11 of 1st period - Jaret Anderson-Dolan wins face-off versus Matt Benning in BOISE CARIBOUS zone.
14:19 of 1st period - Ivan Barbashev is hit by Marcus Pettersson and loses puck.
14:57 of 1st period - Off-side.
14:58 of 1st period - John Tavares wins face-off versus Dylan Strome in neutral zone.
15:15 of 1st period - Shot by John Tavares.
15:15 of 1st period - Stopped by Cal Petersen without a rebound.
15:16 of 1st period - Jesperi Kotkaniemi wins face-off versus Radek Faksa in LOS ANGELES SEALS zone.
15:23 of 1st period - Shot by Tim Stutzle.
15:23 of 1st period - Shot Misses the Net.
15:26 of 1st period - Icing by Radek Faksa.
15:27 of 1st period - Radek Faksa wins face-off versus John Tavares in LOS ANGELES SEALS zone.
16:08 of 1st period - Shot by Andre Burakovsky.
16:08 of 1st period - Stopped by Cal Petersen with a rebound.
16:41 of 1st period - Off-side.
16:42 of 1st period - Vladislav Namestnikov wins face-off versus Matt Duchene in neutral zone.
17:02 of 1st period - Matt Duchene is hit by Jani Hakanpaa.
17:04 of 1st period - Shot by Dylan Strome.
17:04 of 1st period - Shot Misses the Net.
17:06 of 1st period - Shot by Dylan Strome.
17:06 of 1st period - Deflect By Matt Duchene.
17:06 of 1st period - Stopped by Jake Allen without a rebound.
17:07 of 1st period - Jesperi Kotkaniemi wins face-off versus Jakob Silfverberg in BOISE CARIBOUS zone.
17:37 of 1st period - Icing by Dominik Kubalik.
17:38 of 1st period - Dylan Strome wins face-off versus Jesperi Kotkaniemi in BOISE CARIBOUS zone.
17:52 of 1st period - Dylan Strome is hit by Rasmus Andersson and loses puck.
18:10 of 1st period - Shot by Dylan Strome.
18:10 of 1st period - Deflect By Matt Duchene.
18:10 of 1st period - Shot Misses the Net.
18:12 of 1st period - Shot by Tobias Bjornfot.
18:12 of 1st period - Shot Misses the Net.
18:33 of 1st period - Icing by Adam Boqvist.
18:34 of 1st period - John Tavares wins face-off versus Radek Faksa in LOS ANGELES SEALS zone.
19:01 of 1st period - Shot by Radek Faksa.
19:01 of 1st period - Deflect By Owen Tippett.
19:01 of 1st period - Stopped by Jake Allen without a rebound.
19:02 of 1st period - Jaret Anderson-Dolan wins face-off versus Vladislav Namestnikov in BOISE CARIBOUS zone.
19:10 of 1st period - Erik Haula is hit by Jani Hakanpaa and loses puck.
19:26 of 1st period - Minor Penalty to Jani Hakanpaa for Slashing.
19:27 of 1st period - Matt Duchene wins face-off versus Jesperi Kotkaniemi in BOISE CARIBOUS zone.
19:46 of 1st period - Dylan Strome is hit by Jesperi Kotkaniemi and loses puck.
19:57 of 1st period - Shot by Kaapo Kakko.
19:57 of 1st period - Shot Blocked by Adam Boqvist.
Goals for this period are 1 for LOS ANGELES SEALS vs 0 for BOISE CARIBOUS.
Shots for this period are 14 for LOS ANGELES SEALS vs 6 for BOISE CARIBOUS.

2nd period


0:01 of 2nd period - Jaret Anderson-Dolan wins face-off versus Kaapo Kakko in neutral zone.
1:05 of 2nd period - Shot by Noah Dobson.
1:05 of 2nd period - Shot Blocked by Jesperi Kotkaniemi.
1:44 of 2nd period - Shot by John Tavares.
1:44 of 2nd period - Stopped by Cal Petersen without a rebound.
1:45 of 2nd period - Radek Faksa wins face-off versus Danny O'Regan in LOS ANGELES SEALS zone.
1:58 of 2nd period - Owen Tippett is hit by John Klingberg and loses puck.
2:01 of 2nd period - Shot by Marcus Pettersson.
2:01 of 2nd period - Shot Blocked by Marco Scandella.
2:03 of 2nd period - Shot by Marcus Pettersson.
2:03 of 2nd period - Stopped by Jake Allen without a rebound.
2:04 of 2nd period - Jaret Anderson-Dolan wins face-off versus John Tavares in BOISE CARIBOUS zone.
2:10 of 2nd period - Erik Haula is hit by Jani Hakanpaa and loses puck.
2:25 of 2nd period - Shot by John Tavares.
2:25 of 2nd period - Stopped by Cal Petersen without a rebound.
2:26 of 2nd period - Matt Duchene wins face-off versus Vladislav Namestnikov in LOS ANGELES SEALS zone.
2:45 of 2nd period - Shot by Matt Duchene.
2:45 of 2nd period - Stopped by Jake Allen with a rebound.
3:27 of 2nd period - Shot by John Tavares.
3:27 of 2nd period - Stopped by Cal Petersen without a rebound.
3:28 of 2nd period - Jaret Anderson-Dolan wins face-off versus Jesperi Kotkaniemi in LOS ANGELES SEALS zone.
3:35 of 2nd period - Shot by Jakob Silfverberg.
3:35 of 2nd period - Stopped by Jake Allen without a rebound.
3:36 of 2nd period - Jaret Anderson-Dolan wins face-off versus John Tavares in BOISE CARIBOUS zone.
4:01 of 2nd period - Shot by Jakob Silfverberg.
4:01 of 2nd period - Stopped by Jake Allen without a rebound.
4:02 of 2nd period - Jesperi Kotkaniemi wins face-off versus Radek Faksa in BOISE CARIBOUS zone.
4:21 of 2nd period - Shot by Dominik Kubalik.
4:21 of 2nd period - Shot Blocked by Tobias Bjornfot.
4:41 of 2nd period - Shot by Radek Faksa.
4:41 of 2nd period - Deflect By Owen Tippett.
4:41 of 2nd period - Stopped by Jake Allen without a rebound.
4:42 of 2nd period - Jaret Anderson-Dolan wins face-off versus John Tavares in BOISE CARIBOUS zone.
4:51 of 2nd period - Shot by Erik Haula.
4:51 of 2nd period - Stopped by Jake Allen without a rebound.
4:52 of 2nd period - Matt Duchene wins face-off versus Vladislav Namestnikov in BOISE CARIBOUS zone.
5:13 of 2nd period - Shot by Kaapo Kakko.
5:13 of 2nd period - Shot Blocked by Ryan Murray.
5:56 of 2nd period - Icing by Rasmus Dahlin.
5:57 of 2nd period - John Tavares wins face-off versus Jakob Silfverberg in BOISE CARIBOUS zone.
6:04 of 2nd period - Shot by John Tavares.
6:04 of 2nd period - Goal by John Tavares - LOS ANGELES SEALS : 1 - BOISE CARIBOUS : 1.
6:05 of 2nd period - Jesperi Kotkaniemi wins face-off versus Jaret Anderson-Dolan in neutral zone.
6:23 of 2nd period - Shot by Jesperi Kotkaniemi.
6:23 of 2nd period - Shot Blocked by Jakob Silfverberg.
6:25 of 2nd period - Shot by Jesperi Kotkaniemi.
6:25 of 2nd period - Shot Misses the Net.
6:27 of 2nd period - Shot by Tim Stutzle.
6:27 of 2nd period - Stopped by Cal Petersen without a rebound.
6:28 of 2nd period - John Tavares wins face-off versus Isac Lundestrom in LOS ANGELES SEALS zone.
6:56 of 2nd period - Shot by Andre Burakovsky.
6:56 of 2nd period - Stopped by Cal Petersen with a rebound.
6:58 of 2nd period - Shot by Rasmus Andersson.
6:58 of 2nd period - Shot Blocked by Tobias Bjornfot.
7:29 of 2nd period - Shot by Dominik Kubalik.
7:29 of 2nd period - Stopped by Cal Petersen without a rebound.
7:30 of 2nd period - Jaret Anderson-Dolan wins face-off versus Vladislav Namestnikov in LOS ANGELES SEALS zone.
7:57 of 2nd period - Shot by Erik Haula.
7:57 of 2nd period - Stopped by Jake Allen without a rebound.
7:58 of 2nd period - Matt Duchene wins face-off versus Jesperi Kotkaniemi in BOISE CARIBOUS zone.
8:06 of 2nd period - Shot by Matt Duchene.
8:06 of 2nd period - Shot Blocked by John Klingberg.
8:37 of 2nd period - Icing by John Klingberg.
8:38 of 2nd period - Jaret Anderson-Dolan wins face-off versus Jesperi Kotkaniemi in BOISE CARIBOUS zone.
9:01 of 2nd period - Shot by Jakob Silfverberg.
9:01 of 2nd period - Stopped by Jake Allen with a rebound.
9:04 of 2nd period - Icing by Andre Burakovsky.
9:05 of 2nd period - Radek Faksa wins face-off versus Denis Gurianov in BOISE CARIBOUS zone.
9:15 of 2nd period - Minor Penalty to Radek Faksa for Interference.
9:16 of 2nd period - Jaret Anderson-Dolan wins face-off versus Vladislav Namestnikov in LOS ANGELES SEALS zone.
9:16 of 2nd period - Jaret Anderson-Dolan is hit by Lawson Crouse.
10:25 of 2nd period - Shot by John Tavares.
10:25 of 2nd period - Stopped by Cal Petersen without a rebound.
10:26 of 2nd period - Jaret Anderson-Dolan wins face-off versus Dominik Kubalik in LOS ANGELES SEALS zone.
10:37 of 2nd period - Shot by John Tavares.
10:37 of 2nd period - Deflect By Dominik Kubalik.
10:37 of 2nd period - Shot Misses the Net.
11:10 of 2nd period - Icing by Ivan Barbashev.
11:11 of 2nd period - Vladislav Namestnikov wins face-off versus Jakob Silfverberg in BOISE CARIBOUS zone.
11:11 of 2nd period - Vladislav Namestnikov is hit by Erik Haula.
11:33 of 2nd period - Shot by Radek Faksa.
11:33 of 2nd period - Stopped by Jake Allen without a rebound.
11:34 of 2nd period - Matt Duchene wins face-off versus Vladislav Namestnikov in BOISE CARIBOUS zone.
11:47 of 2nd period - Shot by Matt Duchene.
11:47 of 2nd period - Shot Misses the Net.
11:49 of 2nd period - Shot by Matt Duchene.
11:49 of 2nd period - Stopped by Jake Allen with a rebound.
12:07 of 2nd period - Shot by Dylan Strome.
12:07 of 2nd period - Shot Misses the Net.
12:36 of 2nd period - Shot by John Tavares.
12:36 of 2nd period - Stopped by Cal Petersen without a rebound.
12:37 of 2nd period - Jaret Anderson-Dolan wins face-off versus Jesperi Kotkaniemi in LOS ANGELES SEALS zone.
13:36 of 2nd period - Icing by Jesperi Kotkaniemi.
13:37 of 2nd period - Jesperi Kotkaniemi wins face-off versus Oskar Sundqvist in BOISE CARIBOUS zone.
13:46 of 2nd period - Icing by Oskar Sundqvist.
13:47 of 2nd period - John Tavares wins face-off versus Oskar Sundqvist in LOS ANGELES SEALS zone.
13:48 of 2nd period - Shot by Denis Gurianov.
13:48 of 2nd period - Stopped by Cal Petersen without a rebound.
13:49 of 2nd period - Matt Duchene wins face-off versus Andre Burakovsky in LOS ANGELES SEALS zone.
14:08 of 2nd period - Shot by Tyler Johnson.
14:08 of 2nd period - Shot Misses the Net.
14:25 of 2nd period - Shot by Denis Gurianov.
14:25 of 2nd period - Shot Misses the Net.
14:27 of 2nd period - Shot by Andre Burakovsky.
14:27 of 2nd period - Shot Misses the Net.
15:56 of 2nd period - Shot by Owen Tippett.
15:56 of 2nd period - Stopped by Jake Allen without a rebound.
15:57 of 2nd period - Ivan Barbashev wins face-off versus Oskar Sundqvist in BOISE CARIBOUS zone.
16:06 of 2nd period - Shot by John Klingberg.
16:06 of 2nd period - Shot Blocked by Oskar Sundqvist.
16:08 of 2nd period - Shot by Marco Scandella.
16:08 of 2nd period - Stopped by Cal Petersen without a rebound.
16:09 of 2nd period - Radek Faksa wins face-off versus John Tavares in LOS ANGELES SEALS zone.
16:09 of 2nd period - Radek Faksa is hit by Denis Gurianov.
16:21 of 2nd period - Minor Penalty to Owen Tippett for Slashing.
16:22 of 2nd period - Jaret Anderson-Dolan wins face-off versus Vladislav Namestnikov in LOS ANGELES SEALS zone.
16:48 of 2nd period - Shot by Rasmus Dahlin.
16:48 of 2nd period - Shot Misses the Net.
16:50 of 2nd period - Shot by Rasmus Dahlin.
16:50 of 2nd period - Stopped by Cal Petersen with a rebound.
16:57 of 2nd period - Tim Stutzle is hit by Greg Pateryn and loses puck.
17:24 of 2nd period - Shot by Denis Gurianov.
17:24 of 2nd period - Stopped by Cal Petersen without a rebound.
17:25 of 2nd period - Jaret Anderson-Dolan wins face-off versus John Tavares in LOS ANGELES SEALS zone.
17:33 of 2nd period - John Klingberg is hit by Tobias Bjornfot and loses puck.
18:53 of 2nd period - Off-side.
18:54 of 2nd period - Dylan Strome wins face-off versus Vladislav Namestnikov in neutral zone.
18:54 of 2nd period - Dylan Strome is hit by Lawson Crouse.
18:55 of 2nd period - Dylan Strome from LOS ANGELES SEALS is injured at 18:55 of 2nd period (Bruised Right Foot).
18:56 of 2nd period - Vladislav Namestnikov wins face-off versus Matt Duchene in neutral zone.
19:15 of 2nd period - Shot by Vladislav Namestnikov.
19:15 of 2nd period - Deflect By Lawson Crouse.
19:15 of 2nd period - Shot Blocked by Noah Dobson.
19:17 of 2nd period - Shot by Vladislav Namestnikov.
19:17 of 2nd period - Stopped by Cal Petersen with a rebound.
19:19 of 2nd period - Shot by Kaapo Kakko.
19:19 of 2nd period - Shot Misses the Net.
19:21 of 2nd period - Shot by Vladislav Namestnikov.
19:21 of 2nd period - Shot Misses the Net.
19:31 of 2nd period - Shot by Vladislav Namestnikov.
19:31 of 2nd period - Shot Misses the Net.
19:55 of 2nd period - Owen Tippett is hit by John Tavares and loses puck.
Goals for this period are 0 for LOS ANGELES SEALS vs 1 for BOISE CARIBOUS.
Shots for this period are 11 for LOS ANGELES SEALS vs 14 for BOISE CARIBOUS.

3rd period


0:01 of 3rd period - Jakob Silfverberg wins face-off versus Denis Gurianov in neutral zone.
0:05 of 3rd period - Off-side.
0:06 of 3rd period - John Tavares wins face-off versus Jaret Anderson-Dolan in neutral zone.
0:37 of 3rd period - Shot by Erik Haula.
0:37 of 3rd period - Shot Misses the Net.
0:59 of 3rd period - Andre Burakovsky is hit by Erik Haula and loses puck.
1:38 of 3rd period - Shot by Dominik Kubalik.
1:38 of 3rd period - Stopped by Cal Petersen without a rebound.
1:39 of 3rd period - Vladislav Namestnikov wins face-off versus Oskar Sundqvist in LOS ANGELES SEALS zone.
1:43 of 3rd period - Lawson Crouse is hit by Greg Pateryn and loses puck.
2:17 of 3rd period - Kaapo Kakko is hit by Tobias Bjornfot.
2:18 of 3rd period - Minor Penalty to Tobias Bjornfot for Slashing.
2:19 of 3rd period - John Tavares wins face-off versus Darren Helm in LOS ANGELES SEALS zone.
2:26 of 3rd period - Shot by John Tavares.
2:26 of 3rd period - Shot Misses the Net.
4:21 of 3rd period - Shot by Andre Burakovsky.
4:21 of 3rd period - Goal by Andre Burakovsky - LOS ANGELES SEALS : 1 - BOISE CARIBOUS : 2.
4:22 of 3rd period - Danny O'Regan wins face-off versus Radek Faksa in neutral zone.
4:40 of 3rd period - Icing by Tobias Bjornfot.
4:41 of 3rd period - Radek Faksa wins face-off versus Jesperi Kotkaniemi in LOS ANGELES SEALS zone.
4:57 of 3rd period - Shot by Owen Tippett.
4:57 of 3rd period - Stopped by Jake Allen with a rebound.
5:11 of 3rd period - Shot by John Klingberg.
5:11 of 3rd period - Stopped by Cal Petersen without a rebound.
5:12 of 3rd period - Matt Duchene wins face-off versus Denis Gurianov in LOS ANGELES SEALS zone.
5:19 of 3rd period - Shot by Matt Duchene.
5:19 of 3rd period - Stopped by Jake Allen without a rebound.
5:20 of 3rd period - Matt Duchene wins face-off versus John Tavares in BOISE CARIBOUS zone.
5:33 of 3rd period - Shot by Tyler Johnson.
5:33 of 3rd period - Stopped by Jake Allen without a rebound.
5:34 of 3rd period - Oskar Sundqvist wins face-off versus Vladislav Namestnikov in BOISE CARIBOUS zone.
5:48 of 3rd period - Shot by Vladislav Namestnikov.
5:48 of 3rd period - Shot Misses the Net.
7:38 of 3rd period - Tyler Johnson is hit by Jani Hakanpaa and loses puck.
7:49 of 3rd period - Shot by Matt Duchene.
7:49 of 3rd period - Shot Misses the Net.
7:51 of 3rd period - Shot by Tobias Bjornfot.
7:51 of 3rd period - Shot Blocked by Tim Stutzle.
7:53 of 3rd period - Shot by Tyler Johnson.
7:53 of 3rd period - Shot Blocked by Jani Hakanpaa.
7:55 of 3rd period - Shot by Tyler Johnson.
7:55 of 3rd period - Stopped by Jake Allen without a rebound.
7:56 of 3rd period - Radek Faksa wins face-off versus Danny O'Regan in BOISE CARIBOUS zone.
9:14 of 3rd period - Shot by Jesperi Kotkaniemi.
9:14 of 3rd period - Shot Blocked by Noah Dobson.
10:09 of 3rd period - Shot by Andre Burakovsky.
10:09 of 3rd period - Stopped by Cal Petersen without a rebound.
10:10 of 3rd period - Lawson Crouse wins face-off versus Jaret Anderson-Dolan in LOS ANGELES SEALS zone.
10:41 of 3rd period - Shot by Jakob Silfverberg.
10:41 of 3rd period - Stopped by Jake Allen without a rebound.
10:42 of 3rd period - Jesperi Kotkaniemi wins face-off versus Radek Faksa in BOISE CARIBOUS zone.
11:05 of 3rd period - Shot by Dominik Kubalik.
11:05 of 3rd period - Stopped by Cal Petersen without a rebound.
11:06 of 3rd period - John Tavares wins face-off versus Jaret Anderson-Dolan in LOS ANGELES SEALS zone.
11:40 of 3rd period - Jakob Silfverberg is hit by Jani Hakanpaa and loses puck.
12:11 of 3rd period - Shot by Tyler Johnson.
12:11 of 3rd period - Stopped by Jake Allen without a rebound.
12:12 of 3rd period - Darren Helm wins face-off versus Jesperi Kotkaniemi in BOISE CARIBOUS zone.
12:16 of 3rd period - Icing by Marco Scandella.
12:17 of 3rd period - Tim Stutzle wins face-off versus Oskar Sundqvist in BOISE CARIBOUS zone.
12:17 of 3rd period - Tim Stutzle is hit by Oskar Sundqvist.
12:56 of 3rd period - Jack Roslovic is hit by Dominik Kubalik and loses puck.
13:38 of 3rd period - Shot by Lawson Crouse.
13:38 of 3rd period - Stopped by Cal Petersen without a rebound.
13:39 of 3rd period - Denis Gurianov wins face-off versus Jaret Anderson-Dolan in LOS ANGELES SEALS zone.
13:39 of 3rd period - John Tavares is hit by Noah Dobson and loses puck.
14:06 of 3rd period - Shot by John Tavares.
14:06 of 3rd period - Deflect By Andre Burakovsky.
14:06 of 3rd period - Stopped by Cal Petersen without a rebound.
14:07 of 3rd period - Matt Duchene wins face-off versus Kaapo Kakko in LOS ANGELES SEALS zone.
14:27 of 3rd period - Kaapo Kakko is hit by Greg Pateryn and loses puck.
14:34 of 3rd period - Shot by Lawson Crouse.
14:34 of 3rd period - Shot Misses the Net.
14:36 of 3rd period - Shot by Rasmus Andersson.
14:36 of 3rd period - Shot Misses the Net.
15:43 of 3rd period - Shot by Erik Haula.
15:43 of 3rd period - Stopped by Jake Allen with a rebound.
16:14 of 3rd period - Icing by John Klingberg.
16:15 of 3rd period - Radek Faksa wins face-off versus Jesperi Kotkaniemi in BOISE CARIBOUS zone.
16:16 of 3rd period - Shot by Owen Tippett.
16:16 of 3rd period - Stopped by Jake Allen without a rebound.
16:17 of 3rd period - John Tavares wins face-off versus Radek Faksa in BOISE CARIBOUS zone.
16:36 of 3rd period - Shot by John Tavares.
16:36 of 3rd period - Shot Blocked by Marcus Pettersson.
16:48 of 3rd period - Shot by Owen Tippett.
16:48 of 3rd period - Shot Blocked by Jani Hakanpaa.
16:57 of 3rd period - Icing by Dmitry Kulikov.
16:58 of 3rd period - Jaret Anderson-Dolan wins face-off versus John Tavares in BOISE CARIBOUS zone.
18:02 of 3rd period - Shot by Dominik Kubalik.
18:02 of 3rd period - Shot Hit the Post.
18:04 of 3rd period - Shot by Rasmus Andersson.
18:04 of 3rd period - Stopped by Cal Petersen without a rebound.
18:05 of 3rd period - Matt Duchene wins face-off versus Vladislav Namestnikov in LOS ANGELES SEALS zone.
18:05 of 3rd period - Matt Duchene is hit by Lawson Crouse.
18:08 of 3rd period - Icing by Radek Faksa.
18:09 of 3rd period - Matt Duchene wins face-off versus Vladislav Namestnikov in LOS ANGELES SEALS zone.
18:34 of 3rd period - Icing by Adam Boqvist.
18:35 of 3rd period - Matt Duchene wins face-off versus Jesperi Kotkaniemi in LOS ANGELES SEALS zone.
18:35 of 3rd period - Matt Duchene is hit by Tim Stutzle.
18:58 of 3rd period - Dominik Kubalik is hit by Adam Boqvist.
19:16 of 3rd period - Shot by Dominik Kubalik.
19:16 of 3rd period - Stopped by Cal Petersen without a rebound.
19:17 of 3rd period - John Tavares wins face-off versus Jaret Anderson-Dolan in LOS ANGELES SEALS zone.
19:40 of 3rd period - Shot by John Tavares.
19:40 of 3rd period - Shot Hit the Post.
19:42 of 3rd period - Shot by John Tavares.
19:42 of 3rd period - Shot Blocked by Jakob Silfverberg.
Goals for this period are 0 for LOS ANGELES SEALS vs 1 for BOISE CARIBOUS.
Shots for this period are 8 for LOS ANGELES SEALS vs 9 for BOISE CARIBOUS.


AUSTON
MATTHEWS
JOEL
ERIKSSON
MATHEW
BARZAL

EAST COAST

HOCKEY LEAGUE

  • 21.PIT7MAN3
  • 22.ATL3NHW4
  • 23.WOR5PET4
  • 24.3RHI4
  • 25.QUECHI
  • 26.CHALIM
  • 27.TRVLON
  • 28.CHWBAL